 Dungeon Crawl Stone Soup version 0.30.0-10-gfe55d96785 (webtiles) character file.

Game seed: 16730234397888673468

89 retardedninja the Firebug (level 4, -8/32 HPs)
             Began as a Gnoll Fire Elementalist on May 15, 2023.
             Killed from afar by Sigmund (15 damage)
             ... with a bolt of light
             ... on level 3 of the Dungeon.
             The game lasted 00:02:10 (2531 turns).

retardedninja the Firebug (Gnoll Fire Elementalist) Turns: 2531, Time: 00:02:12

Health: -8/32      AC:  2    Str:  7    XL:     4   Next: 55%
Magic:  8/11       EV: 13    Int: 20    God:
Gold:   86         SH:  0    Dex: 11    Spells: 10/13 levels left

rFire   . .          .
                       - Unarmed
rCold   . . .        (no shield)
rNeg    . . .        a - +0 robe
rPois   .            (no helmet)
rElec   .            (no cloak)
rCorr   .            (no gloves)
SInv    .            (no boots)
Will    .....        (no amulet)
Stlth   ++           (no ring)
HPRegen 0.25/turn    (no ring)
MPRegen 0.12/turn

%: no passive effects
@: no status effects
A: fangs 1, strong nose, distributed training, hooves 1, clever 1
a: no special abilities


You were on level 3 of the Dungeon.
You visited 1 branch of the dungeon, and saw 3 of its levels.

You collected 86 gold pieces.

Inventory:

Armour
 a - a +0 robe (worn)
 d - a +0 pair of boots
Scrolls
 c - 2 scrolls of identify {unknown}
 f - a scroll of amnesia {unknown}
 i - a scroll of enchant armour {unknown}
 j - a scroll of vulnerability {unknown}
 l - a scroll of enchant weapon {unknown}
 m - a scroll of teleportation {unknown}
 o - a scroll of magic mapping {unknown}
 p - a scroll of immolation {unknown}
Potions
 b - a potion of magic
 e - 3 potions of mutation
 g - a potion of attraction {unknown}
 h - a potion of ambrosia {unknown}
 k - a potion of curing {unknown}
 n - a potion of degeneration {unknown}


   Skills:
 + Level 1.2 Fighting
 + Level 1.2 Short Blades
 + Level 1.2 Long Blades
 + Level 1.2 Axes
 + Level 1.2 Maces & Flails
 + Level 1.2 Polearms
 + Level 1.2 Staves
 + Level 1.2 Ranged Weapons
 + Level 1.2 Throwing
 + Level 1.2 Armour
 + Level 4.7 Dodging
 + Level 4.3 Stealth
 + Level 1.2 Shields
 + Level 1.2 Unarmed Combat
 + Level 5.1 Spellcasting
 + Level 2.3 Conjurations
 + Level 1.0 Hexes
 + Level 1.0 Summonings
 + Level 1.0 Necromancy
 + Level 1.0 Translocations
 + Level 1.0 Transmutations
 + Level 5.5 Fire Magic
 + Level 1.0 Ice Magic
 + Level 1.0 Air Magic
 + Level 1.0 Earth Magic
 + Level 1.0 Poison Magic
 + Level 1.3 Invocations
 + Level 1.2 Evocations


You had 10 spell levels left.
You knew the following spells:

 Your Spells              Type           Power      Damage    Failure   Level
a - Foxfire               Conj/Fire      80%        2x1d8     2%          1
b - Scorch                Fire           54%        2d7       1%          2

Your spell library contained the following spells:

 Spells                   Type           Power      Damage    Failure   Level
 Beastly Appendage        Tmut           18%        N/A       8%          1
 Inner Flame              Hex/Fire       18%        N/A       9%          3
 Volatile Blastmotes      Fire/Tloc      36%        2d13      9%          3
 Wereblood                Tmut           9%         N/A       12%         2
 Spider Form              Tmut/Pois      9%         N/A       22%         3
 Flame Wave               Conj/Fire      20%        2d7       22%         4


Dungeon Overview and Level Annotations

Branches:
Dungeon (3/15)

Altars:

Annotations:
D:3 Sigmund


Innate Abilities, Weirdness & Mutations

You have very sharp teeth.
Your uncanny sense of smell can sniff out nearby items.
Your experience applies equally to all skills.
You have large cloven feet.
Your mind is acute. (Int +4, Str/Dex -1)


Message History

Sigmund the Dreaded comes into view.
He is wielding a +0 scythe and carrying a wand of light (9).
Found a sedimented emerald potion and 7 gold pieces.
Sigmund is nearby!
Sigmund is nearby!
Sigmund is nearby!
You conjure some foxfire!
Sigmund shouts!
Sigmund drinks a potion.
Sigmund's spells are empowered!
The foxfire hits Sigmund!
Sigmund is moderately wounded.
Sigmund zaps a wand.
The bolt of light hits you!
You conjure some foxfire!
The foxfire hits Sigmund.
Sigmund is moderately wounded.
Sigmund casts a spell.
Sigmund flickers and vanishes!
Deactivating autopickup; reactivate with Ctrl-A.
The foxfire hits something but does no damage.
A puff of flame appears from out of thin air!
The puff of flame hits you!
You are too injured to fight recklessly!
Your foxfire dissipates!
You are too injured to fight recklessly!
Casting: Foxfire (safe; 3% risk of failure)
Press: ? - help, Q - select action, (/) - cycle Dir - look around, f - activate You conjure some foxfire!
Something hits you.
The foxfire hits something. x2
Unknown command.
Casting: Foxfire (safe; 3% risk of failure)
Press: ? - help, Q - select action, (/) - cycle Dir - look around, f - activate You conjure some foxfire!
Something hits you!
* * * LOW HITPOINT WARNING * * *
It was a potion of mutation.
You feel extremely strange.
You feel clever.
Your feet thicken and deform.
The foxfire hits something.
You hear a zap.
A bolt of light appears from out of thin air!
The bolt of light hits you!
You die...

. #########.#
..........
#####......$..
#!....§.{..#
#.###v@##
#....§§§#
....#.#.##
###.#.#†#
#.#.#.#
####.....# #
.........####.#
...............
.###...........


There were no monsters in sight!

Vanquished Creatures
  2 adders
  4 worms (D:2)
  3 dart slugs
  7 endoplasms
  2 giant cockroaches
  4 goblins
  2 hobgoblins
  4 jackals
  4 kobolds
  4 ball pythons
  9 bats
  3 frilled lizards
  2 rats
50 creatures vanquished.

Vanquished Creatures (others)
  217 foxfires
217 creatures vanquished.

Grand Total: 267 creatures vanquished

Notes
Turn   | Place    | Note
-------+----------+-------------------------------------------
     0 | D:1      | retardedninja the Gnoll Fire Elementalist began the quest
                  | for the Orb.
     0 | D:1      | Reached XP level 1. HP: 13/13 MP: 6/6
   304 | D:1      | Reached XP level 2. HP: 19/19 MP: 4/7
   401 | D:1      | Found a faded altar of an unknown god.
   885 | D:1      | Reached skill level 5 in Spellcasting
   885 | D:1      | Reached XP level 3. HP: 25/25 MP: 3/9
  1360 | D:2      | Reached skill level 1 in Invocations
  1687 | D:2      | Reached skill level 1 in Fighting
  1687 | D:2      | Reached skill level 1 in Short Blades
  1687 | D:2      | Reached skill level 1 in Long Blades
  1687 | D:2      | Reached skill level 1 in Axes
  1687 | D:2      | Reached skill level 1 in Maces & Flails
  1687 | D:2      | Reached skill level 1 in Polearms
  1687 | D:2      | Reached skill level 1 in Staves
  1687 | D:2      | Reached skill level 1 in Ranged Weapons
  1687 | D:2      | Reached skill level 1 in Throwing
  1687 | D:2      | Reached skill level 1 in Armour
  1687 | D:2      | Reached skill level 1 in Shields
  1687 | D:2      | Reached skill level 1 in Unarmed Combat
  1687 | D:2      | Reached skill level 1 in Evocations
  1876 | D:2      | Reached XP level 4. HP: 32/32 MP: 8/11
  1964 | D:2      | Learned a level 2 spell: Scorch
  2469 | D:3      | Reached skill level 1 in Hexes
  2469 | D:3      | Reached skill level 1 in Summonings
  2469 | D:3      | Reached skill level 1 in Necromancy
  2469 | D:3      | Reached skill level 1 in Translocations
  2469 | D:3      | Reached skill level 1 in Transmutations
  2469 | D:3      | Reached skill level 1 in Ice Magic
  2469 | D:3      | Reached skill level 1 in Air Magic
  2469 | D:3      | Reached skill level 1 in Earth Magic
  2469 | D:3      | Reached skill level 1 in Poison Magic
  2521 | D:3      | Noticed Sigmund
  2531 | D:3      | Gained mutation: Your mind is acute. (Int +4, Str/Dex -1)
                  | [potion of mutation]
  2531 | D:3      | Gained mutation: You have large cloven feet. [potion of
                  | mutation]
  2531 | D:3      | Killed from afar by Sigmund

Illustrated notes

Levels and vault maps discovered:
D:1:      giann_bridges, layout_basic, dreamdust_ecumenical_altar_statues,
          kennysheep_minor_cross
D:2:      layout_loops_corners
D:3:      layout_loops_ring, mainiacjoe_overflow_concentric_impassable,
          uniq_natasha, uniq_sigmund

Skill      XL: |  1  2  3  4 |
---------------+-------------+-----
Conjurations   | 2 |  2.3
Spellcasting   | 5 |  5.1
Invocations    | 1 |  1.3
Fighting       | 1 |  1.2
Short Blades   | 1 |  1.2
Long Blades    | 1 |  1.2
Axes           | 1 |  1.2
Maces & Flails | 1 |  1.2
Polearms       | 1 |  1.2
Staves         | 1 |  1.2
Ranged Weapons | 1 |  1.2
Throwing       | 1 |  1.2
Armour         | 1 |  1.2
Shields        | 1 |  1.2
Unarmed Combat | 1 |  1.2
Evocations     | 1 |  1.2
Hexes          | 1 |  1.0
Summonings     | 1 |  1.0
Necromancy     | 1 |  1.0
Translocations | 1 |  1.0
Transmutations | 1 |  1.0
Ice Magic      | 1 |  1.0
Air Magic      | 1 |  1.0
Earth Magic    | 1 |  1.0
Poison Magic   | 1 |  1.0
Dodging        | |  4.7
Stealth        | |  4.3
Fire Magic     | |  5.5

Action                     |  1- 3 |  4- 6 || total
---------------------------+-------+-------++-------
   Cast: Foxfire           |    93 |    39 ||   132
    Use: Potion            |       |     1 ||     1
 Armour: Robe              |     1 |       ||     1
  Dodge: Dodged            |     6 |     6 ||    12
